 Dungeon Crawl Stone Soup version 0.22-a0-99-g1ac4c55 (webtiles) character file.

76 lemonriz the Poker (level 4, -11/33 HPs)
             Began as a Merfolk Skald on Jan 25, 2018.
             Mangled by an ogre
             ... wielding a +0 giant club
              (24 damage)
             ... on level 3 of the Dungeon.
             The game lasted 00:03:56 (2526 turns).

lemonriz the Poker (Merfolk Skald)                  Turns: 2526, Time: 00:03:57

Health: -11/33     AC:  4    Str: 11    XL:     4   Next: 32%
Magic:  1/7        EV: 11    Int: 13    God:
Gold:   81         SH:  0    Dex: 13    Spells: 2/7 levels left

rFire    . . .     SeeInvis .   a - +0 spear
rCold    . . .     Gourm    .   (no shield)
rNeg     . . .     Faith    .   b - +0 leather armour
rPois    .         Spirit   .   g - +0 helmet
rElec    .         Reflect  .   (no cloak)
rCorr    +         Harm     .   (no gloves)
MR       .....                  (no boots)
Stlth    +.........             (no amulet)
HPRegen  0.11/turn              j - ring of resist corrosion
MPRegen  0.10/turn              n - ring of resist corrosion

@: singing (expiring), heavily drained
A: change form in water, swift swim, stealthy swim
a: no special abilities


You were on level 3 of the Dungeon.
You were not hungry.

You visited 1 branch of the dungeon, and saw 3 of its levels.

You collected 81 gold pieces.

Inventory:

Hand Weapons
 a - a +0 spear (weapon)
Armour
 b - a +0 leather armour (worn)
 g - a +0 helmet (worn)
Jewellery
 j - a ring of resist corrosion (left hand)
 n - a ring of resist corrosion (right hand)
 o - a cursed ring of teleportation {unknown}
Scrolls
 i - a scroll of identify {unknown}
 l - a scroll of remove curse {unknown}
 m - a scroll of immolation {unknown}
 q - a scroll of blinking {unknown}
Potions
 f - a potion of brilliance {unknown}
 h - a potion of flight {unknown}
 k - a potion of curing {unknown}
 p - a potion of invisibility {unknown}
Books
 c - a book of Battle

   Spells                             Type                      Level
   a - Infusion                       Charms                       1
   b - Shroud of Golubria             Charms/Translocation         2
   c - Song of Slaying                Charms                       2
   d - Spectral Weapon                Hexes/Charms                 3
   e - Regeneration                   Charms/Necromancy            3
Comestibles
 d - a ration


   Skills:
 - Level 2.1(1.1) Fighting
 + Level 5.0(3.8) Polearms
 - Level 0.6(0.0) Armour
 - Level 2.6(1.5) Dodging
 - Level 2.0(0.9) Spellcasting
 + Level 4.5(3.4) Charms


You had 2 spell levels left.
You knew the following spells:

 Your Spells              Type           Power        Failure   Level  Hunger
a - Infusion              Chrm           #...         10%         1    ##.....
b - Song of Slaying       Chrm           #.......     14%         2    ###....
c - Shroud of Golubria    Chrm/Tloc      #.........   28%         2    ###....


Dungeon Overview and Level Annotations

Branches:
Dungeon (3/15)

Altars:
Xom


Message History

The ogre is moderately wounded.
You hit the ogre.
The ogre is moderately wounded.
Your song is almost over.
The ogre hits you with a giant club!!
Ouch! That really hurt!
You barely miss the ogre.
The ogre is moderately wounded.
The ogre barely misses you.
You hit the ogre.
The ogre is heavily wounded.
You are no longer magically infusing your attacks.
The ogre closely misses you.
You puncture the ogre!
The ogre is severely wounded.
You hit the ogre.
The ogre is severely wounded.
The ogre hits you with a giant club!!
Ouch! That really hurt!
You die...

........#
........#####.#
####..........#
##.#.#####.#
#.#.# #.#.#
#.#†##
##....####.##
#.....@O..[.#
#.....###.....
#..#.## .##
....#.#
#####... ..#$
##.


You could see an ogre.

Vanquished Creatures
  2 adders (D:2)
  2 worms
  3 dart slugs
  2 leopard geckos (D:1)
  An orc (D:3)
  A ball python (D:2)
  A giant cockroach (D:1)
  7 goblins
  2 hobgoblins (D:2)
  6 kobolds
  A quokka (D:3)
  6 bats
  5 frilled lizards
  6 rats
45 creatures vanquished.

Notes
Turn   | Place    | Note
-------+----------+-------------------------------------------
     0 | D:1      | lemonriz the Merfolk Skald began the quest for the Orb.
     0 | D:1      | Reached XP level 1. HP: 16/16 MP: 3/3
   289 | D:1      | Reached XP level 2. HP: 22/22 MP: 5/5
   834 | D:1      | Reached skill level 4 in Polearms
   900 | D:1      | Reached XP level 3. HP: 27/27 MP: 6/6
  1180 | D:2      | Found a shimmering altar of Xom.
  1824 | D:2      | Learned a level 2 spell: Song of Slaying
  1827 | D:2      | Learned a level 2 spell: Shroud of Golubria
  1894 | D:2      | Reached XP level 4. HP: 7/33 MP: 0/7
  2504 | D:3      | Noticed an ogre
  2514 | D:3      | Reached skill level 5 in Polearms
  2526 | D:3      | Mangled by an ogre

Vault maps used:
D:1:      lightli_arrival_noodles
D:2:      hangedman_abyss_or_decor_lesser_grid, xom_teletrap_fun
D:3:      first_ration, uniq_terence, uniq_ijyb

Skill      XL: |  1  2  3  4 |
---------------+-------------+-----
Polearms       | 4 5 |  5.0
Charms         | 4 |  4.5
Fighting       | |  2.1
Armour         | |  0.6
Dodging        | |  2.6
Spellcasting   | |  2.0

Action                   |  1- 3 |  4- 6 || total
-------------------------+-------+-------++-------
Melee: Spear             |   141 |    41 ||   182
 Cast: Infusion          |     2 |     2 ||     4
       Shroud of Golubri |     1 |     1 ||     2
       Song of Slaying   |       |     1 ||     1
  Use: Scroll            |       |     1 ||     1
 Stab: Sleeping          |     3 |       ||     3
  Eat: Chunk             |     3 |       ||     3
       Ration            |       |     1 ||     1
Armor: Leather armour    |    29 |     3 ||    32
Dodge: Dodged            |    62 |    18 ||    80

Table legend:
 A = Spawn XP
 B = Non-spawn XP
 C = Spawn XP percentage of total XP
 D = Spawn monster count
 E = Non-spawn monster count
 F = Spawn count percentage of total count
 G = Total turns spent on level
                    A         B        C        D         E        F      G
               +---------+---------+-------+---------+---------+-------+---------
         Total |       0 |     109 |   0.0 |       0 |      45 |   0.0 |  2526
               +---------+---------+-------+---------+---------+-------+---------
           D:1 |       0 |      39 |   0.0 |       0 |      21 |   0.0 |  1158
           D:2 |       0 |      59 |   0.0 |       0 |      20 |   0.0 |  1319
           D:3 |       0 |      11 |   0.0 |       0 |       4 |   0.0 |    49
               +---------+---------+-------+---------+---------+-------+---------
